 Dungeon Crawl Stone Soup version 0.29-a0-824-gd827844252 (webtiles) character file.

Game seed: 16280582018336687664

119 coolguy69 the Sneak (level 5, -4/28 HPs)
             Began as a Vine Stalker Monk on July 10, 2022.
             Slain by Blork the orc
             ... wielding a +2 war axe of distortion
              (9 damage)
             ... on level 4 of the Dungeon.
             The game lasted 00:02:50 (2801 turns).

coolguy69 the Sneak (Vine Stalker Monk)             Turns: 2801, Time: 00:02:50

Health: -4/28      AC:  3    Str: 15    XL:     5   Next: 3%
Magic:  0/6        EV: 12    Int: 10    God:
Gold:   191        SH:  4    Dex: 17    Spells: 4/4 levels left

rFire   . . .      SeeInvis .   b - +1 short sword (speed)
rCold   + . .      Faith    .   r - +0 buckler
rNeg    . . .      Spirit   +   s - +0 leather armour
rPois   .          Reflect  .   (no helmet)
rElec   .          Harm     .   (no cloak)
rCorr   .          Rampage  .   (no gloves)
Will    .....                   (no boots)
Stlth   ++........              (no amulet)
HPRegen 0.89/turn               l - ring of protection from cold
MPRegen 0.10/turn               (no ring)

@: no status effects
A: fangs 2, regeneration 1, magic shield, antimagic bite, no potion heal 2
a: no special abilities


You were on level 4 of the Dungeon.
You visited 1 branch of the dungeon, and saw 4 of its levels.

You collected 191 gold pieces.

Inventory:

Hand Weapons
 b - a +1 short sword of speed (weapon)
Missiles
 m - a throwing net (quivered)
Armour
 r - a +0 buckler (worn)
 s - a +0 leather armour (worn)
Jewellery
 a - a +6 ring of intelligence
 k - a ring of ice
 l - a ring of protection from cold (left hand)
Scrolls
 d - 2 scrolls of identify {unknown}
 f - a scroll of magic mapping {unknown}
 g - a scroll of immolation {unknown}
 j - a scroll of brand weapon {unknown}
 q - a scroll of poison {unknown}
Potions
 c - a potion of ambrosia
 e - a potion of flight {unknown}
 h - a potion of mutation {unknown}
 i - 2 potions of degeneration {unknown}
 n - 2 potions of invisibility {unknown}
 o - 3 potions of resistance {unknown}


   Skills:
 + Level 3.4 Fighting
 + Level 3.5 Short Blades
 + Level 3.0 Dodging
 + Level 3.8 Stealth


You had 4 spell levels left.
You didn't know any spells.
Your spell library contained the following spells:

 Spells                   Type           Power      Damage    Failure   Level
 Leda's Liquefaction      Hex/Erth       0%         N/A       100%        4
 Freezing Cloud           Conj/Ice/Air   0%         6-21      100%        5
 Lee's Rapid Deconstruct  Erth           0%         3d5*      100%        5
 Simulacrum               Ice/Necr       0%         N/A       100%        6
 Statue Form              Tmut/Erth      0%         N/A       100%        6
 Polar Vortex             Ice            0%         N/A       100%        9


Dungeon Overview and Level Annotations

Branches:
Dungeon (4/15)
 Temple: D:4-7

Altars:

Annotations:
D:4 Blork the orc


Innate Abilities, Weirdness & Mutations

You have extremely sharp teeth.
Your natural rate of healing is unusually fast.
When hurt, damage is shared between your health and your magic reserves.
Your bite disrupts and absorbs the magic of your enemies.
Potions cannot restore your health.


Message History

You see here a ball python corpse.
a - a +6 ring of intelligence No target in view!
No target in view!
Found 6 boomerangs.
No target in view!
A giant cockroach comes into view.
Found 10 gold pieces.
A giant cockroach is nearby!
A giant cockroach is nearby!
You barely miss the giant cockroach.
A giant cockroach is nearby!
You hit the giant cockroach.
You kill the giant cockroach!
You now have 191 gold pieces (gained 15).
Blork the orc comes into view.
He is wielding a +2 war axe of distortion.
Blork the orc shouts!
You see here 10 gold pieces.
You hit Blork the orc. Your bite misses Blork the orc.
Blork the orc is lightly wounded.
You closely miss Blork the orc.
Blork the orc is lightly wounded.
Blork the orc gestures wildly while chanting.
Blork the orc seems to speed up.
You hit Blork the orc. You bite Blork the orc.
Blork the orc's magic leaks into the air.
You drain his magic.
Blork the orc is lightly wounded.
Blork the orc hits you with a +2 war axe of distortion!
Space warps horribly around you!
You are too injured to fight recklessly!
You are too injured to fight recklessly!
You are too injured to fight recklessly!
Unknown command.
It was a potion of curing.
That felt strangely inert.
Blork the orc screams, "I don't like you!"
Blork the orc hits you with a +2 war axe of distortion.
* * * LOW HITPOINT WARNING * * *
Space warps horribly around you!
You die...

########### ..........#
..........# ..........#
.......o..#.....# ###
.......@..#..... .....
.......$###.....#.......
##......###.....#.......
+......+..... +.......
#..(...#...# #.......
#......#.#.## #.......
#...........####.......
#....†........##.....##
...............##.......


You could see Blork the orc (fast, magic disrupted).

Vanquished Creatures
  An orc wizard (D:4)
  A gnoll (D:3)
  An adder (D:3)
  3 dart slugs (D:1)
  7 orcs
  3 endoplasms
  4 giant cockroaches
  A goblin (D:2)
  8 hobgoblins
  3 jackals (D:3)
  4 kobolds
  2 quokkas (D:2)
  4 ball pythons
  6 bats
  5 frilled lizards
  8 rats
61 creatures vanquished.

Notes
Turn   | Place    | Note
-------+----------+-------------------------------------------
     0 | D:1      | coolguy69 the Vine Stalker Monk began the quest for the
                  | Orb.
     0 | D:1      | Reached XP level 1. HP: 11/11 MP: 2/2
   151 | D:1      | Found a faded altar of an unknown god.
   173 | D:1      | Reached XP level 2. HP: 8/16 MP: 1/3
   734 | D:1      | Reached XP level 3. HP: 15/19 MP: 4/4
  2158 | D:3      | Gained mutation: Your natural rate of healing is unusually
                  | fast. [Vine Stalker growth]
  2158 | D:3      | Reached XP level 4. HP: 18/24 MP: 5/5
  2733 | D:4      | Reached XP level 5. HP: 20/28 MP: 2/6
  2793 | D:4      | Noticed Blork the orc
  2801 | D:4      | Slain by Blork the orc

Illustrated notes

Levels and vault maps discovered:
D:1:      minmay_arrival_nine_rooms, layout_loops_cross, basic_ecumenical_altar
D:2:      layout_basic
D:3:      layout_rooms
D:4:      layout_basic, minmay_temple_entry_nine_rooms, minmay_ruptured,
          uniq_ijyb, uniq_blork_the_orc

Skill      XL: |  1  2  3  4 |
---------------+-------------+-----
Short Blades   | 3 |  3.5
Fighting       | 3 |  3.4
Stealth        | 3 |  3.8
Dodging        | 3 |  3.0

Action                   |  1- 3 |  4- 6 || total
-------------------------+-------+-------++-------
Melee: Short sword       |   109 |    52 ||   161
       Bite              |    24 |    12 ||    36
  Use: Potion            |       |     3 ||     3
 Stab: Sleeping          |    11 |     3 ||    14
Armor: Robe              |    16 |     2 ||    18
       Leather armour    |       |     2 ||     2
Dodge: Dodged            |    74 |    27 ||   101
Block: Buckler           |       |     5 ||     5

Table legend: (Time is in decaauts)
 A = Elapsed time spent in this place.
 B = Non-inter-level travel time spent in this place.
 C = Inter-level travel time spent in this place.
 D = Time resting spent in this place.
 E = Time spent auto-exploring this place.
 F = Levels seen in this place.
 G = Mean time per level.
                   A        B        C        D        E       F      G
               +--------+--------+--------+--------+--------+-----+--------+
         Total |   2788 |   2720 |     68 |     26 |   2156 |   4 |  697.0 |
       Dungeon |   2788 |   2720 |     68 |     26 |   2156 |   4 |  697.0 |
               +--------+--------+--------+--------+--------+-----+--------+

Top non-repeatable levels by time:
     D:1: 1081 daAuts
     D:2: 808 daAuts
     D:3: 729 daAuts
     D:4: 169 daAuts
